 Dungeon Crawl Stone Soup version 0.31-a0-1074-g0b22e4e0f1 (webtiles) character file.

Game seed: 13918695276334489046

1126 Dittersdorf the Trooper (level 8, -3/51 HPs)
             Began as a Gargoyle Fighter on Dec 7, 2023.
             Was an Initiate of Gozag.
             Slain by an iguana (8 damage)
             ... on level 5 of the Dungeon.
             The game lasted 00:05:53 (4103 turns).

Dittersdorf the Trooper (Gargoyle Fighter)          Turns: 4103, Time: 00:05:54

Health: -3/51      AC: 19    Str: 22    XL:     8   Next: 35%
Magic:  8/8        EV:  8    Int:  9    God:    Gozag
Gold:   589        SH:  5    Dex:  9    Spells: 7/7 levels left

rFire   . . .        a - +0 flail
rCold   . . .        c - +0 buckler
rNeg    + . .        D - +0 chain mail
rPois   ∞            t - +0 helmet
rElec   +            p - +0 cloak
rCorr   +            z - +0 pair of gloves
SInv    .            (no boots)
Will    .....        (no amulet) Stlth
                     j - ring of resist corrosion
HPRegen 0.28/turn    A - ring of flight
MPRegen 0.11/turn

%: no passive effects
@: flying
A: sickness immunity, AC +5, negative energy resistance 1, electricity
resistance, torment resistance 1, petrification resistance
a: Renounce Religion, Potion Petition, Call Merchant, Bribe Branch


You were on level 5 of the Dungeon.
You worshipped Gozag.
Gozag was pleased with you.
You visited 1 branch of the dungeon, and saw 5 of its levels.

You collected 634 gold pieces.
You paid 45 gold pieces to Gozag.

Inventory:

Hand Weapons
 a - a +0 flail (weapon)
Armour
 b - a +0 plate armour
 c - a +0 buckler (worn)
 p - a +0 cloak (worn)
 t - a +0 helmet (worn)
 z - a +0 pair of gloves (worn)
 D - a +0 chain mail (worn)
Jewellery
 j - a ring of resist corrosion (left hand)
 A - a ring of flight (right hand)
Wands
 y - a wand of flame (18) (quivered)
Scrolls
 g - 8 scrolls of identify {unknown}
 n - 2 scrolls of acquirement {unknown}
 o - a scroll of noise {unknown}
 q - 2 scrolls of enchant weapon {unknown}
 u - a scroll of butterflies {unknown}
 v - a scroll of torment {unknown}
 w - 2 scrolls of blinking {unknown}
 x - 2 scrolls of fog {unknown}
 B - a scroll of silence {unknown}
 C - a scroll of amnesia {unknown}
Potions
 d - a potion of might
 e - 5 potions of curing {unknown}
 f - 3 potions of heal wounds {unknown}
 h - 2 potions of mutation {unknown}
 i - a potion of berserk rage {unknown}
 k - a potion of haste {unknown}
 l - a potion of attraction {unknown}
 m - 2 potions of ambrosia {unknown}
 r - a potion of brilliance {unknown}
 s - 4 potions of enlightenment {unknown}


   Skills:
 + Level 6.2 Fighting
 + Level 5.1 Maces & Flails
 + Level 6.1 Armour
 + Level 6.1 Shields


You had 7 spell levels left.
You didn't know any spells.
Your spell library contained the following spells:

 Spells                   Type           Power      Damage    Failure   Level
 Scorch                   Fire           0%         2d5       99%         2
 Flame Wave               Conj/Fire      0%         2d4       100%        4
 Summon Cactus Giant      Summ           0%         N/A       100%        6


Dungeon Overview and Level Annotations

Branches:
Dungeon (5/15)             Temple (0/1) D:4

Altars:
Dithmenos
Gozag
Nemelex Xobeh
Vehumet
Yredelemnul

Shops:
D:2 [   D:4 *

Annotations:
D:4 2 runed translucent doors, osoart's ghost, amateur SpHs


Innate Abilities, Weirdness & Mutations

You are immune to sickness and miasma.
Your stone body is resilient. (AC +5)
You are immune to poison.
You resist negative energy. (rN+)
You are resistant to electric shocks. (rElec)
You are resistant to unholy torment.
You are immune to petrification.


Message History

You hit the iguana.
The iguana is severely wounded.
The iguana bites you but does no damage.
The iguana barely misses you.
You barely miss the iguana.
The iguana is severely wounded.
The iguana bites you but does no damage.
You barely miss the iguana.
The iguana is severely wounded.
You block the iguana's attack.
You barely miss the iguana.
The iguana is severely wounded.
The iguana barely misses you.
You barely miss the iguana.
The iguana is severely wounded.
The iguana barely misses you.
You barely miss the iguana.
The iguana is severely wounded.
The iguana bites you!
* * * LOW HITPOINT WARNING * * *
You closely miss the iguana.
The iguana is severely wounded.
The iguana bites you but does no damage.
You hit the iguana.
The iguana is severely wounded.
The iguana bites you but does no damage. x2
You hit the iguana but do no damage.
The iguana is severely wounded.
The iguana bites you but does no damage.
You closely miss the iguana.
The iguana is severely wounded.
The iguana bites you but does no damage.
You barely miss the iguana.
The iguana is severely wounded.
The iguana barely misses you.
You barely miss the iguana.
The iguana is severely wounded.
The iguana bites you!
You die...
Your body crumbles into a pile of gold.

#.## .# ##.#.# #.#
#.....##.# #......#.#
.......#.# #........# #
#...$#.# ..+
#.@.####...#
#...##l#.......# #
#......#.......# .#
#...####.####..+ .####
#...# #..# .# ....#
#)..# #..# .##.#
#...###..####..
..#.######...##....PP...
........................


You could see an iguana.

Vanquished Creatures
  Grinder (D:3)
  3 ogres (D:4)
  A scorpion (D:4)
  An orc priest (D:5)
  A hound (D:5)
  Jessica (D:2)
  A gnoll bouda (D:5)
  2 iguanas (D:4)
  5 orc wizards
  Robin (D:2)
  8 gnolls
  12 adders
  2 ufetubi (D:4)
  A worm (D:2)
  2 dart slugs
  10 orcs
  8 bats
  3 endoplasms
  2 giant cockroaches (D:1)
  12 goblins
  10 hobgoblins
  7 jackals
  6 quokkas
  12 ball pythons
  4 frilled lizards
  10 kobolds
  6 rats
132 creatures vanquished.

Vanquished Creatures (others)
  An adder (D:3)
  A rat (D:3)
2 creatures vanquished.

Grand Total: 134 creatures vanquished

Notes
Turn   | Place    | Note
-------+----------+-------------------------------------------
     0 | D:1      | Dittersdorf the Gargoyle Fighter began the quest for the
                  | Orb.
     0 | D:1      | Reached XP level 1. HP: 14/14 MP: 1/1
    99 | D:1      | Reached XP level 2. HP: 18/19 MP: 2/2
   631 | D:1      | Reached XP level 3. HP: 23/23 MP: 3/3
   708 | D:2      | Found Orryamm's Armour Boutique.
  1045 | D:2      | Reached XP level 4. HP: 22/29 MP: 4/4
  1217 | D:2      | Noticed Jessica
  1228 | D:2      | Killed Jessica
  1366 | D:2      | Noticed Robin
  1368 | D:2      | Reached XP level 5. HP: 29/33 MP: 5/5
  1374 | D:2      | Killed Robin
  1674 | D:3      | Found a basalt altar of Yredelemnul.
  1795 | D:3      | Found an opulent altar of Gozag.
  1796 | D:3      | Noticed Grinder
  1796 | D:3      | Paralysed by Grinder for 4 turns
  1802 | D:3      | Paralysed by Grinder for 4 turns
  1814 | D:3      | Became a worshipper of Gozag Ym Sagoz the Greedy
  1827 | D:3      | Paralysed by Grinder for 3 turns
  1832 | D:3      | Killed Grinder
  1833 | D:3      | Reached XP level 6. HP: 31/40 MP: 6/6
  1956 | D:3      | Found a radiant altar of Vehumet.
  1974 | D:3      | Found a shadowy altar of Dithmenos.
  1994 | D:3      | Reached skill level 5 in Fighting
  2479 | D:3      | Reached skill level 5 in Shields
  2486 | D:3      | Reached skill level 5 in Armour
  2486 | D:3      | Reached XP level 7. HP: 23/44 MP: 7/7
  2947 | D:4      | Found a staircase to the Ecumenical Temple.
  3027 | D:4      | Found a sparkling altar of Nemelex Xobeh.
  3133 | D:4      | Found a large runed translucent door.
  3136 | D:4      | Found a large runed translucent door.
  3464 | D:4      | Found Jommufergh's CLEARANCE SALE!.
  3510 | D:4      | Noticed osoart's ghost (amateur SpHs)
  3533 | D:5      | Entered Level 5 of the Dungeon
  3846 | D:4      | Reached XP level 8. HP: 44/51 MP: 8/8
  3848 | D:4      | Reached skill level 5 in Maces & Flails
  4103 | D:5      | Slain by an iguana

Illustrated notes

Levels and vault maps discovered:
D:1:      scummos_arrival_gate, layout_basic, minmay_tree_intersection
D:2:      minmay_diamond_boxcup, layout_loops_cross, serial_shops, shop,
          kennysheep_jessica_study, uniq_robin
D:3:      minmay_thinvault, layout_basic, grunt_gozag_statues,
          lemuel_crystal_altar, overflow_temple_1_default, fiery_altar_vehumet,
          uniq_grinder
D:4:      layout_basic, marbit_many_paths, minmay_temple_entry_junction,
          ebering_ghost_disaster_area, nicolae_shop_clearance
D:5:      corexii_shack_village, layout_loops_cross, kennysheep_generic_room_9

Skill      XL: |  1  2  3  4  5  6  7  8 |
---------------+-------------------------+-----
Fighting       | 4 5 6 |  6.2
Shields        | 4 5 6 |  6.1
Armour         | 4 5 6 |  6.1
Maces & Flails | 3 4 5 |  5.1

Action                     |  1- 3 |  4- 6 |  7- 9 || total
---------------------------+-------+-------+-------++-------
  Melee: Flail             |   150 |   185 |   188 ||   523
    Use: Potion            |       |       |     1 ||     1
 Armour: Scale mail        |   178 |   212 |   179 ||   569
         Chain mail        |       |       |    37 ||    37
  Dodge: Dodged            |   141 |   115 |   127 ||   383
  Block: Buckler           |    51 |    58 |    63 ||   172

Table legend: (Time is in decaauts)
 A = Elapsed time spent in this place.
 B = Non-inter-level travel time spent in this place.
 C = Inter-level travel time spent in this place.
 D = Time resting spent in this place.
 E = Time spent auto-exploring this place.
 F = Levels seen in this place.
 G = Mean time per level.
                   A        B        C        D        E       F      G
               +--------+--------+--------+--------+--------+-----+--------+
         Total |   4247 |   4111 |    136 |    531 |   2349 |   5 |  849.4 |
       Dungeon |   4247 |   4111 |    136 |    531 |   2349 |   5 |  849.4 |
               +--------+--------+--------+--------+--------+-----+--------+

Top non-repeatable levels by time:
     D:4: 1231 daAuts
     D:3: 1086 daAuts
     D:2: 1015 daAuts
     D:1: 735 daAuts
     D:5: 178 daAuts
